[Event "Live Chess"]
[Site "Chess.com"]
[Date "2023.05.21"]
[Round "-"]
[White "JoRoSaR"]
[Black "gmnorfolk"]
[Result "1/2-1/2"]
[WhiteElo "1687"]
[BlackElo "2104"]
[TimeControl "300"]
[EndTime "3:40:28 PDT"]
[Termination "Game drawn by agreement"]

1. e4 c5 2. Nf3 d6 3. c3 Nf6 4. Be2 Nbd7 5. Qc2 e6 6. d4 cxd4 7. cxd4 d5 8. e5 Ne4 9. Nc3 Nxc3 10. bxc3 Be7 11. Qb3 O-O 12. O-O Qb6 13. Rb1 Qxb3 14. Rxb3 b6 15. Bb5 Rd8 16. Bc6 Rb8 17.
Ba3 Bxa3 18. Rxa3 a6 19. Rb1 b5 20. Bxd7 Rxd7 21. Rab3 Rc7 22. a4 Bd7 23. axb5 Bxb5 24. Nd2 Rbc8 25. Rc1 Kf8 26. Nb1 Bc4 27. Ra3 Rb7 28.
Nd2 Bb5 29. f4 f6 30. Nf3 h6 31. Kf2 f5 32. h3 Kf7 33. g4 g6 34. gxf5 gxf5 35. Nd2 Bd3 36. Ra4 Rb2 37. Ke3 Bb5 38. Ra3 Rg8 39. Rb3 Rg3+ 40. Kf2 Rxb3 41. Kxg3 Rb2 42.
Nf1 Bxf1 43. Rxf1 Rc2 44. Ra1 Rxc3+ 45. Kh4 Rf3 46. Rxa6 Rxf4+ 47. Kh5 Rxd4 48. Kxh6 Rh4+ 49. Kg5 Rxh3 50. Ra7+ Ke8 51. Kf6 Rh6+ 52. Kg7 Rh1 53. Kf6 f4 54. Kxe6 Kd8 55. Kxd5 f3 56. Ra2 Ke7 57.
Ra7+ Ke8 58. Ra2 Rh6 59. Ke4 Ke7 60. Kxf3 Rh4 61. Ra6 Rb4 62. Ke3 Rc4 63. Kd3 Rh4 64.
Rf6 Rg4 65. Ke3 Rh4 66. Rf4 Rxf4 67. Kxf4 Ke6 68. Ke4 Ke7 69. Kd5 Kd7 70. e6+ Ke7 71. Ke5 Ke8 72. Kf6 1/2-1/2

[Event "Live Chess"]
[Site "Chess.com"]
[Date "2023.05.21"]
[Round "-"]
[White "LL220284LL"]
[Black "raminguy"]
[Result "1-0"]
[WhiteElo "2324"]
[BlackElo "1969"]
[TimeControl "300"]
[EndTime "3:41:07 PDT"]
[Termination "LL220284LL won by resignation"]

1. c4 e6 2. g3 d5 3. Bg2 Nf6 4. Nf3 Be7 5. O-O O-O 6. b3 a6 7. Bb2 dxc4 8. bxc4 c5 9. Nc3 Nc6 10. e3 e5 11. Nd5 Bd6 12. d3 Bb8 13. Nd2 Re8 14. Rb1 Nb4 15. Nxb4 cxb4 16. Ne4 Nxe4 17.
Bxe4 a5 18. Bg2 Bf5 19. Bxb7 Ba7 20. Be4 Bh3 21. Re1 Qf6 22. a3 Rab8 23. axb4 axb4 24. Qf3 Qxf3 25. Bxf3 Bf5 26. Rbd1 f6 27. d4 exd4 28.
exd4 Kf8 29. c5 Rbd8 30. Bc6 Rxe1+ 31. Rxe1 h6 32. Ra1 Bb8 33. Ra8 Bh3 34. d5 1-0

[Event "Live Chess"]
[Site "Chess.com"]
[Date "2023.05.21"]
[Round "-"]
[White "JanMur7"]
[Black "Ferrarifan27"]
[Result "1-0"]
[WhiteElo "1986"]
[BlackElo "2085"]
[TimeControl "300"]
[EndTime "3:41:15 PDT"]
[Termination "JanMur7 won by checkmate"]

1. e4 c5 2. Nf3 d6 3. c3 Nc6 4.
Be2 Nf6 5. d4 cxd4 6. cxd4 Nxe4 7. d5 Nxf2 8. Kxf2 Qb6+ 9. Be3 Qxb2 10. dxc6 Qxa1 11. cxb7 Bxb7 12. Qa4+ Kd8 13. Bd4 Bc6 14.
Qa5+ Kd7 15. Bxa1 e5 16. Bb5 Bxb5 17. Qxb5+ Ke6 18. Rd1 Be7 19. Qd5+ Kf6 20. Bxe5+ dxe5 21. Qxe5+ Kg6 22. Qxe7 f6 23. Rd7 Rhg8 24. Qf7+ Kh6 25. Rd5 g6 26. Qxf6 Rgf8 27. Rh5+ Kxh5 28. Qh4# 1-0

[Event "Live Chess"]
[Site "Chess.com"]
[Date "2023.05.21"]
[Round "-"]
[White "Rusty_Bridges"]
[Black "Doge_Dandolo"]
[Result "0-1"]
[WhiteElo "1502"]
[BlackElo "1874"]
[TimeControl "300"]
[EndTime "3:41:37 PDT"]
[Termination "Doge_Dandolo won by resignation"]

1. e4 c6 2. f4 d5 3. e5 Nh6 4. d4 Bg4 5. Be2 Bxe2 6. Qxe2 Nf5 7. c3 h5 8. Nf3 e6 9. O-O c5 10. Nbd2 Nc6 11. Nb3 b6 12. a3 Qc7 13. Be3 Be7 14. Bf2 a5 15. dxc5 bxc5 16. Nxc5 O-O 17. Nd3 Rab8 18. Nd4 Ncxd4 19. cxd4 Rb3 20. Rfc1 Qb7 21.
Rab1 Rb8 22. Qxh5 Rxd3 23. g4 Nxd4 24. Bxd4 Rxd4 25. f5 Qb6 26. Kh1 exf5 27. gxf5 Qh6 28. Qf3 Rd2 29. Qg3 Rb3 30. Qg1 Rh3 0-1

[Event "Live Chess"]
[Site "Chess.com"]
[Date "2023.05.21"]
[Round "-"]
[White "wot-not"]
[Black "hturner40"]
[Result "1-0"]
[WhiteElo "1570"]
[BlackElo "1800"]
[TimeControl "300"]
[EndTime "3:41:41 PDT"]
[Termination "wot-not won by resignation"]

1. d4 Nf6 2. c4 Nc6 3. Nc3 e5 4. d5 Ne7 5. e4 Ng6 6. Bg5 Bc5 7. Bd3 h6 8. Bd2 a5 9. Nge2 Ng4 10. O-O Qh4 11. h3 Nxf2 12. Rxf2 Qxf2+ 13. Kh1 Nh4 14. Qg1 d6 15. Qxf2 Bxf2 16. Nb5 Bb6 17. Rf1 O-O 18. Kh2 Bd7 19. a4 f5 20. exf5 Bxf5 21.
Bxf5 Nxf5 22. Rf3 c6 23. dxc6 bxc6 24. Nbc3 Nd4 25. Rg3 Rf2 26. Nxd4 Bxd4 27. Bxh6 Rf7 28. Ne4 Kf8 29. Nxd6 gxh6 30. Nxf7 Kxf7 31. Rf3+ Ke7 32. b3 Rf8 33. Rg3 e4 34. Rg4 e3 35. Rxd4 Kf7 36. Re4 Re8 37. Rxe8 Kxe8 38. Kg1 Ke7 39. Kf1 Kd6 40. Ke2 Kc5 41. g4 Kb4 42. h4 Kxb3 43.
g5 hxg5 44. hxg5 1-0

[Event "Live Chess"]
[Site "Chess.com"]
[Date "2023.05.21"]
[Round "-"]
[White "TheSmoulderingMaster"]
[Black "LiamBellwood"]
[Result "0-1"]
[WhiteElo "1671"]
[BlackElo "1934"]
[TimeControl "300"]
[EndTime "3:42:03 PDT"]
[Termination "LiamBellwood won by resignation"]

1. e4 e6 2. d4 d5 3. Nc3 Nf6 4. Bg5 h6 5. Bh4 g5 6. Bg3 dxe4 7. Be5 Bg7 8. Nxe4 O-O 9. Nxf6+ Bxf6 10. Bxf6 Qxf6 11.
Nf3 b6 12. Qd2 Bb7 13. Be2 Nc6 14. O-O-O Ne7 15. Rhg1 Rad8 16. g4 c5 17. Ne5 Rxd4 18. Qe3 Nd5 19. Qg3 Nf4 20. Bb5 Qxe5 21. h4 Rb4 0-1

[Event "Live Chess"]
[Site "Chess.com"]
[Date "2023.05.21"]
[Round "-"]
[White "EdenHazard8"]
[Black "JoeRoot66"]
[Result "0-1"]
[WhiteElo "1947"]
[BlackElo "1918"]
[TimeControl "300"]
[EndTime "3:42:11 PDT"]
[Termination "JoeRoot66 won by resignation"]

1. e4 c6 2. d4 d5 3. e5 Bf5 4. h4 h5 5. Bd3 Bxd3 6. Qxd3 e6 7. Nf3 Qa5+ 8. c3 Qa6 9. Qxa6 Nxa6 10.
Bg5 Nc7 11. Nbd2 c5 12. Ke2 cxd4 13. cxd4 Ne7 14. Rhc1 Rc8 15. Rc3 Nc6 16. Rac1 Be7 17. Bxe7 Kxe7 18. b4 Nb5 19. Rc5 Nbxd4+ 20. Ke3 Nxf3 21.
Nxf3 Kd7 22. Ng5 Nxe5 23. Kd4 Rxc5 24. Rxc5 f6 25. g3 Nc6+ 0-1

[Event "Live Chess"]
[Site "Chess.com"]
[Date "2023.05.21"]
[Round "-"]
[White "ameetghasi100"]
[Black "lateforthesky"]
[Result "1-0"]
[WhiteElo "2617"]
[BlackElo "2119"]
[TimeControl "300"]
[EndTime "3:42:17 PDT"]
[Termination "ameetghasi100 won by resignation"]

1. d4 Nf6 2. c4 g6 3. Nf3 Bg7 4. g3 d6 5. Bg2 O-O 6. O-O Nbd7 7. Nc3 e5 8. Bg5 h6 9. Bxf6 Bxf6 10. e3 exd4 11.
Nxd4 Ne5 12. b3 a6 13. h3 Rb8 14. Rc1 Bd7 15. Nd5 Bg7 16. Ne2 c6 17. Ndc3 Qe7 18. f4 Nxc4 19. bxc4 Qxe3+ 20. Kh2 Rbe8 21. Qxd6 Bf5 22. g4 Rd8 23. Qc7 Bd3 24. Rf3 Qc5 25. Ng3 Qd4 26. Qxb7 Qxc4 27. Qb3 Qxb3 28. axb3 c5 29.
Na4 c4 30. bxc4 Rfe8 31. c5 Bb5 32. Nb6 Rd2 33. c6 Bb2 34. Rc5 Ba3 35. Rxb5 axb5 36. c7 Rc2 37. c8=Q Rexc8 38. Nxc8 Rxc8 39. Rxa3 1-0

[Event "Live Chess"]
[Site "Chess.com"]
[Date "2023.05.21"]
[Round "-"]
[White "AttackingSnowLeopard"]
[Black "domrobson"]
[Result "1-0"]
[WhiteElo "2168"]
[BlackElo "1715"]
[TimeControl "300"]
[EndTime "3:42:23 PDT"]
[Termination "AttackingSnowLeopard won by resignation"]

1. d4 e6 2. c4 Nf6 3. Nf3 d5 4. Nc3 c6 5. e3 Nbd7 6. Qc2 Bd6 7. Be2 O-O 8. b3 e5 9. cxd5 cxd5 10. dxe5 Nxe5 11. Bb2 Nxf3+ 12. Bxf3 Be6 13. O-O Rc8 14. Qd3 Qd7 15. Nb5 Qd8 16. Nxd6 Qxd6 17. Bxf6 gxf6 18. Qd4 Qe5 19. Qxa7 Rc7 20. Qb6 Rfc8 21. a4 Bd7 22. a5 Bc6 23. Rfd1 1-0

[Event "Live Chess"]
[Site "Chess.com"]
[Date "2023.05.21"]
[Round "-"]
[White "Vitalii18a"]
[Black "JohanKjeldahl"]
[Result "0-1"]
[WhiteElo "1115"]
[BlackElo "1886"]
[TimeControl "300"]
[EndTime "3:42:28 PDT"]
[Termination "JohanKjeldahl won by resignation"]

1. e4 c5 2. Nf3 Nc6 3. c3 Nf6 4. Bd3 e6 5. Bc2 a6 6. O-O d5 7.
e5 Nd7 8. Re1 Be7 9. d4 cxd4 10.
cxd4 Nb4 11. Ba4 b5 12. Bb3 Bb7 13. Bd2 Nc6 14. a4 O-O 15. axb5 axb5 16. Rxa8 Qxa8 17. Nc3 b4 18. Nb5 Nb6 19. Bg5 h6 20. Bxe7 Nxe7 21. h3 Nc4 22. Qe2 Rc8 23. Nd6 Nxd6 24. exd6 Nf5 25.
Qb5 Nxd6 26. Qb6 Nc4 27. Bxc4 Rxc4 28. Qxb4 Rxb4 0-1

[Event "Live Chess"]
[Site "Chess.com"]
[Date "2023.05.21"]
[Round "-"]
[White "BritishIsles"]
[Black "Reggie016"]
[Result "1-0"]
[WhiteElo "2415"]
[BlackElo "1116"]
[TimeControl "300"]
[EndTime "3:42:31 PDT"]
[Termination "BritishIsles won by checkmate"]

1. d4 e6 2. Nf3 f5 3. c4 Bb4+ 4. Nc3 Nf6 5. Bg5 O-O 6. e3 Qe8 7. Bxf6 Rxf6 8. Qb3 a5 9. a3 a4 10. Qc2 Bxc3+ 11. Qxc3 d6 12. Be2 Nd7 13. c5 e5 14.
cxd6 cxd6 15. O-O Rg6 16. Rac1 Qd8 17. dxe5 dxe5 18. Nxe5 Nxe5 19. Qxe5 Qg5 20. Qe8# 1-0

[Event "Live Chess"]
[Site "Chess.com"]
[Date "2023.05.21"]
[Round "-"]
[White "enoughtell"]
[Black "LiamClery2020"]
[Result "0-1"]
[WhiteElo "1107"]
[BlackElo "1994"]
[TimeControl "300"]
[EndTime "3:42:35 PDT"]
[Termination "LiamClery2020 won on time"]

1. e4 Nf6 2. Nc3 e5 3. Nf3 Nc6 4. Bc4 Nxe4 5. Nxe4 d5 6. d3 dxc4 7. dxc4 Qxd1+ 8. Kxd1 Bg4 9. Be3 O-O-O+ 10. Ke2 f6 11. Rhd1 Be6 12. b3 Be7 13. Nc3 Bf5 14. Rac1 Bb4 15.
Nb5 a6 16. Nh4 Be6 17. a3 axb5 18. axb4 bxc4 19. Ra1 Kb8 20. b5 Nd4+ 21. Bxd4 exd4 22. f4 Bg4+ 23. Ke1 Bxd1 24. Kxd1 d3 25. Kd2 dxc2+ 26. Kxc2 cxb3+ 27. Kxb3 Rhe8 28. Nf5 g6 29. Nh6 Re4 30.
f5 gxf5 31. Nxf5 Re5 32. Ng3 Rxb5+ 33. Kc4 Re5 34. Rf1 Rd6 35. h3 Rc6+ 36. Kd4 Kc8 37. Ne4 Ree6 38. Ng3 b5 39. Nh5 b4 40. Ng7 Red6+ 41. Ke4 b3 42. Nf5 Rd2 43. Ne7+ Kb7 44. Nxc6 Kxc6 45. Rb1 Rxg2 46. Kd3 Rh2 47. Rc1+ Kd6 48.
Kc4 b2 49. Rb1 f5 50. Kd3 Rxh3+ 51. Kd4 Rh2 52. Kc4 Rf2 53. Kd4 h5 54. Ke3 Rc2 55.
Kd3 Rg2 56. Ke3 h4 57. Kf3 h3 58. Rd1+ Ke6 59. Re1+ Kf6 60. Rb1 c5 61. Kf4 c4 62.
Kf3 c3 63. Kf4 c2 0-1

[Event "Live Chess"]
[Site "Chess.com"]
[Date "2023.05.21"]
[Round "-"]
[White "SupremeTactician"]
[Black "KeithArkell"]
[Result "0-1"]
[WhiteElo "2216"]
[BlackElo "2500"]
[TimeControl "300"]
[EndTime "3:42:37 PDT"]
[Termination "KeithArkell won by checkmate"]

1. e4 c6 2. d4 d5 3. Nc3 dxe4 4.
Nxe4 Nd7 5. Ng5 Ngf6 6. Bd3 Nb6 7. N1f3 Bg4 8. c3 Bxf3 9. Qxf3 Qd5 10. Ne4 Nxe4 11. Bxe4 Qd7 12. O-O e6 13. Re1 Be7 14. a4 Nd5 15. Bd2 Nf6 16. Bc2 O-O 17. Bg5 Nd5 18. Qh3 g6 19. Bd2 Rfe8 20. a5 b5 21.
b4 Bf6 22. Re4 Qd8 23. Rae1 Bg5 24. f4 Bf6 25. g4 Qd7 26. f5 exf5 27. gxf5 Rxe4 28.
Bxe4 Re8 29. Qg2 Kg7 30. fxg6 hxg6 31. Rf1 a6 32. Bd3 Nxc3 33. Bxc3 Bxd4+ 34. Bxd4+ Qxd4+ 35. Qf2 Rd8 36. Be4 Qxf2+ 37. Rxf2 Rd4 38. Bxc6 Rxb4 39.
Bb7 Ra4 40. Bxa6 Rxa5 41. Bb7 b4 42. Rb2 Rb5 43. Bc6 Rb6 44. Bd5 f5 45. Kf2 Kf6 46. Kf3 Ke5 47. Bf7 g5 48. Re2+ Kd4 49. Re6 Rb7 50. Rf6 Rb5 51. Rd6+ Ke5 52. Rd3 g4+ 53.
Kg3 Rb7 54. Bb3 Rh7 55. Rd5+ Kf6 56. Rb5 Rh3+ 57. Kf4 Rf3# 0-1

[Event "Live Chess"]
[Site "Chess.com"]
[Date "2023.05.21"]
[Round "-"]
[White "RoaringKnights"]
[Black "WelshTiger"]
[Result "0-1"]
[WhiteElo "1074"]
[BlackElo "2330"]
[TimeControl "300"]
[EndTime "3:42:59 PDT"]
[Termination "WelshTiger won by checkmate"]

1. d4 d5 2. Nf3 e6 3. Bf4 Bd6 4. Bg3 Nf6 5. e3 c5 6. c3 Nc6 7. Bd3 Qe7 8. Nbd2 e5 9. dxe5 Nxe5 10. Nxe5 Bxe5 11. Bb5+ Bd7 12. Bd3 Bxg3 13. hxg3 h6 14. Qc2 Bc6 15. O-O-O b5 16. Rde1 Ne4 17. Bxe4 dxe4 18.
f3 O-O 19. fxe4 c4 20. g4 Rad8 21. g5 Qxg5 22. Nf3 Qe7 23. e5 Rd3 24. Re2 Bxf3 25.
gxf3 Qxe5 26. f4 Qe4 27. Rd1 Rfd8 28. Red2 Qxe3 29. f5 h5 30. f6 h4 31. Kb1 Rxd2 32.
Rxd2 Qxd2 33. Qxd2 Rxd2 34. fxg7 h3 35. Kc1 Rg2 36.
Kd1 h2 37. Ke1 h1=Q# 0-1

[Event "Live Chess"]
[Site "Chess.com"]
[Date "2023.05.21"]
[Round "-"]
[White "ItsNot_Jasper"]
[Black "Missedidea"]
[Result "0-1"]
[WhiteElo "1375"]
[BlackElo "1836"]
[TimeControl "300"]
[EndTime "3:43:14 PDT"]
[Termination "Missedidea won by resignation"]

1. d4 Nf6 2. c4 g6 3. Nc3 Bg7 4. e4 d6 5. Nf3 O-O 6. Be2 e5 7.
d5 a5 8. Bg5 h6 9. Be3 Na6 10. a3 Ng4 11. Qd2 Nxe3 12. Qxe3 Nc5 13. O-O Nb3 14. Rad1 f5 15. exf5 gxf5 16. Nb5 Nc5 17. b4 f4 18. Qc3 e4 19. Nfd4 axb4 20. axb4 Nd7 21. f3 e3 22. Qc1 Ne5 23. Bd3 c5 24.
bxc5 dxc5 25. Ne6 Bxe6 26. dxe6 Qe7 27. Be4 Kh8 28. Bd5 e2 0-1

[Event "Live Chess"]
[Site "Chess.com"]
[Date "2023.05.21"]
[Round "-"]
[White "ChessTWSS"]
[Black "Trendle"]
[Result "0-1"]
[WhiteElo "1593"]
[BlackElo "2658"]
[TimeControl "300"]
[EndTime "3:43:23 PDT"]
[Termination "Trendle won by checkmate"]

1. d4 f5 2. Bf4 Nf6 3. e3 g6 4. c3 Bg7 5. Nd2 d6 6. Ngf3 Nc6 7. Bb5 O-O 8. Bxc6 bxc6 9. O-O Rb8 10. b3 Nd5 11. Qc2 Nxf4 12. exf4 e6 13. g3 Qf6 14. h4 c5 15. dxc5 e5 16. cxd6 cxd6 17. fxe5 dxe5 18. Nc4 e4 19. Nfe5 Re8 20. f4 exf3 21. Rxf3 Rxe5 22.
Nxe5 Qxe5 23. a3 Bb7 24. Rff1 Qxg3+ 25. Qg2 Qxg2# 0-1

[Event "Live Chess"]
[Site "Chess.com"]
[Date "2023.05.21"]
[Round "-"]
[White "chessleanstrategist"]
[Black "CeladonFish"]
[Result "0-1"]
[WhiteElo "452"]
[BlackElo "1088"]
[TimeControl "300"]
[EndTime "3:43:27 PDT"]
[Termination "CeladonFish won on time"]

1. c4 Nf6 2. Nf3 g6 3. g3 Bg7 4. Bg2 O-O 5. Nc3 c6 6. O-O e6 7. d3 d5 8. cxd5 cxd5 9. Ne5 Nh5 10. e3 Bxe5 11. f4 Bxc3 12. bxc3 Qb6 13. d4 Nd7 14. Ba3 Re8 15. Rb1 Qc7 16. Qa4 a6 17. Qc2 Nhf6 18. Rfc1 Ne4 19. Bxe4 dxe4 20. Qxe4 f5 21. Qg2 Nb6 22.
Bb2 Na4 23. a3 Qc6 24. c4 Qxg2+ 25. Kxg2 b6 26. c5 bxc5 27. dxc5 Bb7+ 28. Kf2 Rac8 29. Be5 Rxc5 30. Rxc5 Nxc5 31. Rxb7 Nxb7 32. Kf3 Rc8 33. g4 fxg4+ 34. Kxg4 Rc2 0-1

[Event "Live Chess"]
[Site "Chess.com"]
[Date "2023.05.21"]
[Round "-"]
[White "FailsGambits"]
[Black "Berdgross"]
[Result "1-0"]
[WhiteElo "1337"]
[BlackElo "668"]
[TimeControl "300"]
[EndTime "3:43:29 PDT"]
[Termination "FailsGambits won by checkmate"]

1. e4 d5 2. exd5 Qxd5 3. Nc3 Qd8 4. d3 Nc6 5. Nf3 Nf6 6. Be2 Bg4 7. h3 Bxf3 8. Bxf3 Ne5 9. O-O e6 10. Bxb7 Rb8 11. Bf3 Nxf3+ 12. Qxf3 Bd6 13. Bg5 Be7 14. Bxf6 Bxf6 15. Qc6+ Qd7 16. Qxd7+ Kxd7 17. Ne4 Be7 18. b3 f5 19. Nd2 Bg5 20. f4 Bf6 21. Rae1 Bc3 22.
Rd1 Bxd2 23. Rxd2 g6 24. Re2 h5 25. Rfe1 Rbe8 26. Re5 Kd6 27. Ra5 Ra8 28. Ra6+ Kd5 29. Rexe6 Kd4 30. Rxg6 Kc3 31. Rgc6+ Kb2 32. Rxc7 Rhd8 33.
Rcxa7 Rxa7 34. Rxa7 Re8 35. c4 Re1+ 36. Kf2 Rd1 37. c5 Rxd3 38. c6 Rc3 39. c7 Rc2+ 40. Kg3 Rc3+ 41. Kh4 Rc2 42. g4 hxg4 43. hxg4 fxg4 44.
Kxg4 Rg2+ 45. Kf5 Rc2 46. Kg6 Rc6+ 47. Kf7 Rc5 48. f5 Rxf5+ 49. Ke6 Rc5 50. Kd6 Rc1 51. Kd7 Rc5 52. c8=Q Rxc8 53. Kxc8 Kc3 54. a4 Kb4 55. a5 Kxb3 56. a6 Kb4 57. Rb7+ Ka5 58. a7 Ka6 59.
a8=Q# 1-0

[Event "Live Chess"]
[Site "Chess.com"]
[Date "2023.05.21"]
[Round "-"]
[White "NAZRIZ1977"]
[Black "manthanit"]
[Result "1-0"]
[WhiteElo "1967"]
[BlackElo "1096"]
[TimeControl "300"]
[EndTime "3:43:40 PDT"]
[Termination "NAZRIZ1977 won by resignation"]

1. c4 e6 2. g3 d6 3. Bg2 Nc6 4. Nf3 b6 5. Nd4 d5 6. Nxc6 Qd6 7. Nd4 Bb7 8. Nb5 Qd7 9. O-O Rb8 10. Nxa7 dxc4 11. Na3 Bxg2 12. Kxg2 c6 13. Nxc4 Rb7 14. Kg1 Rxa7 15. b3 Bc5 16. Bb2 Nf6 17. d4 Be7 18.
Ne5 Qc7 19. Qc2 O-O 20. Qxc6 Qxc6 21. Nxc6 Rc7 22. Nxe7+ Rxe7 23. Ba3 Rc7 24. Bxf8 Kxf8 25. Rfc1 h6 26. Rxc7 1-0

[Event "Live Chess"]
[Site "Chess.com"]
[Date "2023.05.21"]
[Round "-"]
[White "OleksiyJr1"]
[Black "Geomorph"]
[Result "0-1"]
[WhiteElo "977"]
[BlackElo "1283"]
[TimeControl "300"]
[EndTime "3:43:50 PDT"]
[Termination "Geomorph won by checkmate"]

1. e4 e5 2. Nf3 Nc6 3. Bc4 Bc5 4.
Nc3 Nf6 5. d3 d6 6. Bg5 h6 7.
Bxf6 Qxf6 8. Nd5 Qd8 9. O-O O-O 10. h3 Na5 11. c3 Nxc4 12. dxc4 a6 13. b4 Ba7 14. Nd2 c6 15. Ne3 Qg5 16. Re1 f5 17. exf5 Bxf5 18. Nf3 Qf4 19. Qxd6 Bxh3 20. gxh3 Qxf3 21.
Qxe5 Qxf2+ 22. Kh1 Qf3+ 23. Kg1 Qxh3 24. c5 Rae8 25. Qd4 Bb8 26. Re2 Qg3+ 27. Rg2 Qxe3+ 28.
Qxe3 Rxe3 29. Rf1 Rxf1+ 30. Kxf1 Rxc3 31. Rd2 Bf4 32. Rd7 Rc1+ 33. Kf2 Rc2+ 34. Kf3 g5 35.
Rxb7 Rxa2 36. Rb8+ Kf7 37. Rb7+ Ke6 38. Rb6 Kd5 39.
Kg4 Kc4 40. Kh5 Rh2+ 41. Kg6 g4 42. Rxc6 g3 43. Rxa6 Kxb4 44. c6 Rf2 45. Rb6+ Kc5 46. Ra6 g2 47. Ra5+ Kxc6 48. Ra6+ Kd5 49. Ra5+ Ke4 50.
Ra4+ Kf3 51. Ra3+ Kg4 52. Ra1 Rf1 53. Ra2 g1=Q 54. Kf6 Bg5+ 55. Ke6 Qb6+ 56. Kd7 Rf7+ 57. Ke8 Qe6# 0-1

[Event "Live Chess"]
[Site "Chess.com"]
[Date "2023.05.21"]
[Round "-"]
[White "Singapourfeuj"]
[Black "apl_trainer"]
[Result "1-0"]
[WhiteElo "2183"]
[BlackElo "1772"]
[TimeControl "300"]
[EndTime "3:43:50 PDT"]
[Termination "Singapourfeuj won on time"]

1. d4 Nf6 2. Nf3 c5 3. d5 b5 4.
a4 b4 5. c4 g6 6. b3 Bg7 7. Ra2 d6 8. Nbd2 O-O 9. e4 e5 10. h3 a5 11. Bd3 Ra7 12. O-O Nh5 13.
Re1 f5 14. Nf1 f4 15. N3h2 Nf6 16. Ng4 h5 17. Nxf6+ Qxf6 18. Nh2 Bh6 19. Bf1 Rh7 20. g3 Qf7 21. gxf4 Bxf4 22. Bxf4 Qxf4 23. Qd2 Qh4 24. Re3 Rhf7 25. Rg3 Kh7 26. Qg5 Qxg5 27. Rxg5 Nd7 28. f3 Nf6 29. h4 Kh6 30. f4 exf4 31. e5 Ne4 32. e6 Rf6 33. Nf3 Bxe6 34. dxe6 Rxe6 35.
Bh3 Ref6 36. Re2 Re8 37. Rd5 Rff8 38. Ng5 Nxg5 39. hxg5+ Kg7 40. Rxe8 Rxe8 41. Rxd6 Re3 42. Rd7+ Kf8 43. Bg2 Rxb3 44. Bd5 Rc3 45. Rf7+ Ke8 46. Rxf4 b3 47. Rf1 b2 48. Be4 Rc1 49. Bxg6+ Ke7 50. Bb1 Ke6 51. g6 1-0

[Event "Live Chess"]
[Site "Chess.com"]
[Date "2023.05.21"]
[Round "-"]
[White "Duke_of_Bebington"]
[Black "Chesscoach_Golichenko"]
[Result "0-1"]
[WhiteElo "1577"]
[BlackElo "2618"]
[TimeControl "300"]
[EndTime "3:43:59 PDT"]
[Termination "Chesscoach_Golichenko won by resignation"]

1. e4 Nf6 2. e5 Nd5 3. c4 Nb6 4. d4 d6 5. f4 dxe5 6. fxe5 Bf5 7. Nf3 e6 8. Nc3 Bb4 9. a3 Bxc3+ 10. bxc3 c5 11.
Be2 Nc6 12. a4 Bg4 13. Be3 Bxf3 14. Bxf3 Nxc4 15. Bf2 O-O 16. O-O Rc8 17. Qb3 N6a5 18. Qd1 cxd4 19. cxd4 Qd7 20. Qd3 Rfd8 21. Rab1 Qxa4 22.
Bxb7 Rb8 23. Ba6 Rxb1 24. Rxb1 h6 25. h3 Nxe5 26. Qg3 Ng6 27. Rb7 Nxb7 28. Bxb7 0-1

[Event "Live Chess"]
[Site "Chess.com"]
[Date "2023.05.21"]
[Round "-"]
[White "LiamBellwood"]
[Black "Ian-Morley"]
[Result "1-0"]
[WhiteElo "1934"]
[BlackElo "1051"]
[TimeControl "300"]
[EndTime "3:44:00 PDT"]
[Termination "LiamBellwood won by resignation"]

1. d4 e5 2. Nc3 exd4 3. Qxd4 Nc6 4. Qd1 Nf6 5. Nf3 d6 6. Bg5 Be7 7. e3 Bg4 8. Be2 Bxf3 9. Bxf3 h6 10. Bh4 g5 11.
Bg3 Nh5 12. Bxh5 Ne5 13. Qd5 c6 14. Qd4 Rf8 15. O-O-O c5 16. Qd5 Qc7 17. Nb5 Qc6 18. Qxc6+ bxc6 19. Nc7+ Kd7 20. Nxa8 Rxa8 21. Bxe5 1-0

[Event "Live Chess"]
[Site "Chess.com"]
[Date "2023.05.21"]
[Round "-"]
[White "HadesLearmonth"]
[Black "ranvir123"]
[Result "0-1"]
[WhiteElo "1184"]
[BlackElo "964"]
[TimeControl "300"]
[EndTime "3:44:03 PDT"]
[Termination "ranvir123 won by checkmate"]

1. e4 e5 2. Nf3 Nc6 3. Bb5 Nf6 4. Nc3 d6 5. O-O Bd7 6. d4 a6 7. Ba4 b5 8. Bb3 exd4 9. Nxd4 Nxd4 10. Qxd4 c5 11. Qe3 Qe7 12. a4 b4 13. Nd5 Nxd5 14.
Bxd5 Rb8 15. Re1 Be6 16. Bxe6 Qxe6 17. c3 bxc3 18. bxc3 Rb3 19. Bd2 g6 20. Rab1 Bg7 21. Rxb3 Qxb3 22. Qh3 Qxa4 23. Rb1 O-O 24. Bh6 Qxe4 25. Ra1 Re8 26. g3 Bxc3 27. Rxa6 Qb1+ 28. Kg2 Qb7+ 29. f3 Qxa6 30. Qd7 Re2+ 31. Kh3 Qa8 32. Qxd6 Qc8+ 33. g4 Bg7 34. Bf4 h5 35. Bc1 hxg4+ 36. fxg4 Qe8 37. Qxc5 Bf8 38. Qc4 Kg7 39. Qc3+ Qe5 40.
Qc6 Qxh2# 0-1

[Event "Live Chess"]
[Site "Chess.com"]
[Date "2023.05.21"]
[Round "-"]
[White "diana21strabt"]
[Black "WilliamofOrange16th"]
[Result "1/2-1/2"]
[WhiteElo "1747"]
[BlackElo "1882"]
[TimeControl "300"]
[EndTime "3:44:03 PDT"]
[Termination "Game drawn by repetition"]

1. e4 d6 2. Nf3 Nf6 3. Nc3 e5 4. d4 Nbd7 5. dxe5 dxe5 6. Bb5 c6 7. Bc4 Be7 8. O-O O-O 9. Bg5 b5 10. Bd3 Qc7 11. Nd2 Nc5 12. Bxf6 Bxf6 13. a3 Be6 14. Qf3 Qe7 15. Be2 g6 16. Qg3 Bg7 17. Bg4 Rfd8 18. Rad1 Bxg4 19. Qxg4 Ne6 20. Nf3 Rxd1 21. Rxd1 Rd8 22. Rxd8+ Qxd8 23. h3 h5 24. Qg3 Qd6 25. Ng5 Nxg5 26. Qxg5 Qf6 27. Qxf6 Bxf6 28. Kf1 Kf8 29.
Ke2 Ke7 30. Kd3 Kd6 31. b4 a6 32. Ne2 c5 33. bxc5+ Kxc5 34. Nc3 Bd8 35. Nd5 a5 36. c3 f5 37. f3 Bh4 38. Nc7 Kc6 39. Ne6 Be7 40.
exf5 gxf5 41. Ng7 e4+ 42. fxe4 fxe4+ 43. Kxe4 Bxa3 44. Nxh5 Bc1 45. Ng3 a4 46. Ne2 Bd2 47.
Kd3 Be1 48. Nd4+ Kb6 49. Nc2 Bg3 50. c4 Kc5 51. cxb5 Kxb5 52. Kc3 Be5+ 53. Kd3 Kc5 54. g4 Bf6 55. Ke4 Kc4 56. Kf5 Be7 57. g5 Kc3 58. g6 Bf8 59. Na3 Kb3 60. Nb1 Kb2 61. Nd2 Kc2 62. Nc4 Kc3 63. Na3 Bg7 64. h4 Kb3 65.
Nb1 Kb2 66. Nd2 Kc2 67. Nc4 Kc3 68. Na3 Kb3 69. Nb1 Kc2 70. Na3+ Kb3 1/2-1/2

[Event "Live Chess"]
[Site "Chess.com"]
[Date "2023.05.21"]
[Round "-"]
[White "SmoothBaron"]
[Black "Richardallis"]
[Result "1-0"]
[WhiteElo "2358"]
[BlackElo "1880"]
[TimeControl "300"]
[EndTime "3:44:04 PDT"]
[Termination "SmoothBaron won by resignation"]

1. e4 d5 2. exd5 Nf6 3. Nc3 Nxd5 4. Bc4 c6 5. Qf3 e6 6. Nge2 Nd7 7. d4 N7f6 8. a3 Be7 9. O-O O-O 10. Ne4 Nxe4 11.
Qxe4 Nf6 12. Qh4 b5 13. Bd3 h6 14. Ng3 Nh7 15. Qe4 Nf6 16. Qxc6 Bd7 17. Qf3 Qc7 18. Bf4 Bd6 19. Bxd6 Qxd6 20. Ne4 Qxd4 21. Rfd1 Qe5 22. Nxf6+ Qxf6 23. Qxf6 gxf6 24. Be4 Rad8 25. Rd6 Bc8 26. Rad1 Rxd6 27. Rxd6 f5 28. Bf3 Kg7 29. Kf1 Kf6 30. Ke2 Ke7 31. Rd2 a5 32. Bc6 Ba6 33. Rd7+ Kf6 34.
Ra7 Bc8 35. Bxb5 e5 36. Rxa5 Rd8 37. Ba6 Be6 38. Rc5 Ra8 39. Rc6 Rb8 40. b4 Kg5 41.
Bc4 Bd7 42. Rc7 Rd8 43. b5 e4 44. b6 f4 45. b7 Bg4+ 46. f3 exf3+ 47. gxf3 Re8+ 48.
Kf2 Bf5 49. Rc5 Kf6 50. Rb5 Rb8 51.
a4 Bd7 52. Rb6+ Ke5 53. a5 Kd4 54. Bxf7 Kc5 55. Bg6 Bc6 56. Be4 Bb5 57. Rxh6 Kb4 58. a6 Bxa6 59. Rxa6 Kc5 60. Rf6 Kb5 61. Rxf4 Kb6 62.
Rf7 Ka7 63. Rc7 Kb6 64. Rc8 Ka7 65. Rxb8 Kxb8 66. h4 Kc7 67. h5 Kb8 68. h6 Ka7 69. h7 Ka6 70. b8=Q Ka5 71. h8=Q 1-0

[Event "Live Chess"]
[Site "Chess.com"]
[Date "2023.05.21"]
[Round "-"]
[White "Greenbecker"]
[Black "GMMickeyAdams"]
[Result "0-1"]
[WhiteElo "1650"]
[BlackElo "2794"]
[TimeControl "300"]
[EndTime "3:44:04 PDT"]
[Termination "GMMickeyAdams won by resignation"]

1. e4 c6 2. d4 d5 3. exd5 cxd5 4. Bd3 Nc6 5. c3 Nf6 6. h3 g6 7. Nf3 Bf5 8. Bxf5 gxf5 9. Qd3 e6 10.
O-O Ne4 11. Nbd2 Rg8 12. Qb5 Qd7 13. Nxe4 fxe4 14. Nh2 Bd6 15. Ng4 Rg6 16. Be3 f5 17. Nh2 f4 18. Bd2 f3 19. g4 O-O-O 20. Rfe1 h5 21. Kh1 Bxh2 22. Kxh2 hxg4 23. Rg1 Rh8 24. Rh1 Rxh3+ 25. Kg1 Qh7 0-1